 Dungeon Crawl Stone Soup version 0.22.0-40-g68aacdc4c8 (webtiles) character file.

30 Riddle the Vexing (level 3, 30/31 HPs)
             Began as a Gnoll Wanderer on Sept 1, 2018.
             Quit the game on level 1 of the Dungeon.
             The game lasted 00:03:24 (1243 turns).

Riddle the Vexing (Gnoll Wanderer)                  Turns: 1243, Time: 00:03:24

Health: 30/31      AC:  4    Str: 15    XL:     3   Next: 20%
Magic:  9/9        EV: 11    Int: 14    God:
Gold:   70         SH:  0    Dex: 14    Spells: 12/12 levels left

rFire    . . .     SeeInvis .   a - +2 spear
rCold    . . .     Gourm    .   (no shield)
rNeg     . . .     Faith    .   i - +0 leather armour
rPois    .         Spirit   .   (no helmet)
rElec    .         Reflect  .   g - +0 cloak
rCorr    .         Harm     .   (no gloves)
MR       .....                  (no boots)
Stlth    ++........             (no amulet)
HPRegen  0.10/turn              (no ring)
MPRegen  0.11/turn              (no ring)

@: no status effects
A: distributed training, fangs 1, strong nose
a: no special abilities


You were on level 1 of the Dungeon.
You were very hungry.

You visited 1 branch of the dungeon, and saw 1 of its levels.

You collected 70 gold pieces.

Inventory:

Hand Weapons
 a - a +2 spear (weapon)
Missiles
 c - 26 sling bullets
 h - 53 stones (quivered)
Armour
 g - a +0 cloak (worn)
 i - a +0 leather armour (worn)
Scrolls
 d - a scroll of teleportation {unknown}
 e - 2 scrolls of identify {unknown}
 j - a scroll of magic mapping {unknown}
 l - a scroll of blinking {unknown}
Potions
 b - 2 potions of curing {unknown}
 k - a potion of might {unknown}
Comestibles
 f - 6 rations


   Skills:
 + Level 4.5 Fighting
 + Level 0.6 Short Blades
 + Level 0.6 Long Blades
 + Level 0.6 Axes
 + Level 0.6 Maces & Flails
 + Level 2.5 Polearms
 + Level 0.6 Staves
 + Level 0.6 Slings
 + Level 0.6 Bows
 + Level 0.6 Crossbows
 + Level 0.6 Throwing
 + Level 0.6 Armour
 + Level 0.6 Dodging
 + Level 4.1 Stealth
 + Level 0.6 Shields
 + Level 0.6 Unarmed Combat
 + Level 5.0 Spellcasting
 + Level 0.4 Conjurations
 + Level 5.4 Hexes
 + Level 0.4 Charms
 + Level 0.4 Summonings
 + Level 0.4 Necromancy
 + Level 0.4 Translocations
 + Level 0.4 Transmutations
 + Level 0.4 Fire Magic
 + Level 0.4 Ice Magic
 + Level 0.4 Air Magic
 + Level 0.4 Earth Magic
 + Level 0.4 Poison Magic
 + Level 0.8 Invocations
 + Level 0.6 Evocations


You had 12 spell levels left.
You didn't know any spells.
Your spell library contained the following spells:

 Spells                   Type           Power        Failure   Level  Hunger
 Flame Tongue             Conj/Fire      #....        19%         1    None
 Mephitic Cloud           Conj/Pois/Air  #.......     47%         3    ###....


Dungeon Overview and Level Annotations

Branches:
Dungeon (1/15)

Altars:


Innate Abilities, Weirdness & Mutations

Your experience applies equally to all skills.
You have very sharp teeth.
Your uncanny sense of smell can sniff out nearby items.


Message History

The bat barely misses you.
Attack whom?
Press: ? - help, Dir - move target cursor, f - bat
Aim: a bat You reach to attack!
You closely miss the bat. The bat barely misses you.
Attack whom?
Press: ? - help, Dir - move target cursor, f/p - bat
Aim: a bat You reach to attack!
You hit the bat.
You kill the bat!
No target in view!
No target in view!
Things that are here:
a club; a goblin corpse You now have 70 gold pieces (gained 7).
l - a scroll labeled AGGUJUQ NAORE
Found 19 arrows.
You see here 19 arrows.
You are feeling very hungry.
Are you sure you want to abandon this character and quit the game? (Confirm with "yes".)

###.### #########
#9#.#Q#########........
###.###...............
######i#.#H#.####.........
.....###.###.# #......#+###
...#.#O#.#N#.####..........#
...).###.###(#.........†...#
.#...#K#.#a#.##............###
.....###.###....@............#
...#.#e#.#T######.#####).....####
...#.###.###.. ...# #......'...
...#.#h#.#6#....... +...>..####
...#.###.###.####### #......# #.
...#.#x#.#c#.# ####+#####.
####.###.###.### ####.# #...
.....#M#.#V#†..##### #....###.##
###.####.###.......# #........#


There were no monsters in sight!

Vanquished Creatures
  A leopard gecko (D:1)
  2 giant cockroaches (D:1)
  4 goblins (D:1)
  3 hobgoblins (D:1)
  3 jackals (D:1)
  3 bats (D:1)
  A frilled lizard (D:1)
  5 kobolds (D:1)
  5 rats (D:1)
27 creatures vanquished.

Notes
Turn   | Place    | Note
-------+----------+-------------------------------------------
     0 | D:1      | Riddle the Gnoll Wanderer began the quest for the Orb.
     0 | D:1      | Riddle set off with: a +2 spear, a +0 quarterstaff, a +0 robe, a +0 dagger, a ration
     0 | D:1      | Reached XP level 1. HP: 20/20 MP: 6/6
     4 | D:1      | Noticed a vine stalker
     6 | D:1      | Noticed a human
     8 | D:1      | Noticed a gargoyle
     8 | D:1      | Noticed a tengu
    10 | D:1      | Noticed a spriggan
    10 | D:1      | Noticed a minotaur
    12 | D:1      | Noticed an ogre
    12 | D:1      | Noticed a naga
    14 | D:1      | Noticed a formicid
    16 | D:1      | Noticed an elf
    16 | D:1      | Noticed a troll
    18 | D:1      | Noticed a felid
    18 | D:1      | Noticed a demonspawn
    20 | D:1      | Noticed an octopode
    20 | D:1      | Noticed a centaur
    22 | D:1      | Noticed a vampire
    24 | D:1      | Noticed a merfolk
    24 | D:1      | Noticed a dwarf
    26 | D:1      | Noticed a ghoul
    26 | D:1      | Noticed a demigod
    28 | D:1      | Noticed a draconian
    28 | D:1      | Noticed a halfling
   144 | D:1      | Reached XP level 2. HP: 24/26 MP: 7/7
   986 | D:1      | Reached XP level 3. HP: 31/31 MP: 9/9
  1206 | D:1      | Reached skill level 5 in Spellcasting
  1243 | D:1      | Quit the game

Skill      XL: |  1  2  3 |
---------------+----------+-----
Spellcasting   | 5 |  5.0
Fighting       | |  4.5
Short Blades   | |  0.6
Long Blades    | |  0.6
Axes           | |  0.6
Maces & Flails | |  0.6
Polearms       | |  2.5
Staves         | |  0.6
Slings         | |  0.6
Bows           | |  0.6
Crossbows      | |  0.6
Throwing       | |  0.6
Armour         | |  0.6
Dodging        | |  0.6
Stealth        | |  4.1
Shields        | |  0.6
Unarmed Combat | |  0.6
Conjurations   | |  0.4
Hexes          | |  5.4
Charms         | |  0.4
Summonings     | |  0.4
Necromancy     | |  0.4
Translocations | |  0.4
Transmutations | |  0.4
Fire Magic     | |  0.4
Ice Magic      | |  0.4
Air Magic      | |  0.4
Earth Magic    | |  0.4
Poison Magic   | |  0.4
Invocations    | |  0.8
Evocations     | |  0.6

Action                   || total
-------------------------++-------
Melee: Spear             ||    69
       Bite              ||     4
 Stab: Sleeping          ||     7
Armor: Robe              ||     5
       Leather armour    ||     9
Dodge: Dodged            ||    20
